 Dungeon Sprint DCSS version 0.24.0-125-gc4c63601f3 (webtiles) character file.

Game seed: 8107055710082671554, levelgen mode: deterministic

8570 Groucho the Imperceptible (level 11, 0/61 HPs)
             Began as a Felid Berserker on Feb 25, 2020.
             Was a Priest of Trog.
             Slain by a spriggan defender
             ... wielding a +2 rapier of speed
              (19 damage)
             ... in the Dungeon (Sprint IV: "Fedhas' Mad Dash").
             The game lasted 00:13:02 (5313 turns).

Groucho the Imperceptible (Felid Berserker)         Turns: 5313, Time: 00:13:03

Health: 0/61       AC:  2    Str: 14    XL:     11   Next: 11%
Magic:  16/16      EV: 34    Int:  9    God:    Trog [***...]
Gold:   242        SH:  0    Dex: 18    Spells: 10/10 levels left
                                        Lives:  0   Deaths: 3

rFire    . . .     SeeInvis +     - Unarmed
rCold    + . .     Gourm    .   (shield unavailable)
rNeg     . . .     Faith    .   (armour unavailable)
rPois    .         Spirit   .   (helmet unavailable)
rElec    .         Reflect  .   (cloak unavailable)
rCorr    .         Harm     .   (gloves unavailable)
MR       +++..     NoTele   +   (boots unavailable)
Stlth    ++++++++..             f - amulet of invisibility {+Inv}
HPRegen  1.20/turn              b - ring of protection from cold
MPRegen  0.15/turn              (no ring)

@: regenerating, quick
A: very small, no armour, no weapons or thrown items, stealth, claws 1, fangs 3,
see invisible, carnivore, speed 1, shaggy fur 2, slow metabolism 1, sharp paws
a: Berserk, Trog's Hand, Renounce Religion, Evoke Invisibility


You were in the Dungeon.
You worshipped Trog.
Trog was most pleased with you.
You were not hungry.

You visited 1 branch You collected 432 gold pieces.
You spent 190 gold pieces at shops.

Inventory:

Jewellery
 a - the amulet "Feruix" {Inacc Str+3 SInv, unknown}
   (You found it in the Dungeon)

   [amulet of inaccuracy]

   It reduces the accuracy of all your attacks.
   It affects your strength (+3).
   It lets you see invisible.
 b - a ring of protection from cold (left paw)
 f - the amulet of invisibility (around neck) {+Inv}
   (You found it in the Dungeon)

   [amulet of nothing]

   It lets you turn invisible.
 g - the ring of Pumuof {rPois rF+ Slay-4 SInv}
   (You found it in the Dungeon)

   [ring of see invisible]

   It affects your accuracy and damage with ranged weapons and melee attacks
   (-4).
   It protects you from fire.
   It protects you from poison.
   It lets you see invisible.
 i - an uncursed ring of see invisible
 k - the ring "Ekubavec" {-Tele +Inv MR+ Int+4 SInv}
   (You found it in the Dungeon)

   [ring of protection from magic]

   It affects your intelligence (+4).
   It affects your resistance to hostile enchantments.
   It lets you see invisible.
   It lets you turn invisible.
   It prevents most forms of teleportation.
Wands
 j - a wand of flame (21)
Potions
 d - a potion of haste
 e - 2 potions of magic


   Skills:
 + Level 15.1 Fighting
 + Level 18.8 Dodging
 + Level 21.5 Stealth
 + Level 15.1 Unarmed Combat
 + Level 6.1 Evocations


You had 10 spell levels left.
You didn't know any spells.
Your spell library was empty.

Dungeon Overview and Level Annotations

Branches:
Dungeon (1/1)

Altars:
Cheibriados
Dithmenos
Elyvilon
Gozag
Hepliaklqana
Kikubaaqudgha
Makhleb
Nemelex Xobeh
Okawaru
Qazlal
Ru
Sif Muna
Trog
Uskayaw
Vehumet
Wu Jian
Xom
Yredelemnul
Zin
The Shining One
Beogh
Jiyva
Lugonu

Shops:
D }!*!?=![?[%==[(**[%%%


Innate Abilities, Weirdness & Mutations

You cannot wear armour.
You are incapable of wielding weapons or throwing items.
Your paws allow you to move quietly. (Stealth)
You have sharp claws.
You have razor-sharp teeth.
You have supernaturally acute eyesight. (SInv)
You are carnivorous and can eat meat at any time.
You cover ground quickly.
You are covered in thick fur. (AC +2)
You have a slow metabolism.
Your sharp claws are effective at attacking unaware monsters.


Message History

Your troll's corpse disappears in a puff of smoke!
You swap places.
The spriggan defender hits your troll with a +2 rapier of speed!!
Okay, then.
Your skin crawls.
You feel resistant to hostile enchantments.
You feel somewhat more hungry.
The spriggan defender hits your troll with a +2 rapier of speed!!
Your troll completely misses the spriggan defender.
The spriggan defender blocks your troll's attack.
Your troll misses the spriggan defender.
The spriggan defender hits your troll with a +2 rapier of speed!!
Your troll dies!
Your troll's corpse disappears in a puff of smoke!
You eat the ration.
That ration really hit the spot!
Your ogre goes berserk!
You feel quite a bit more hungry.
You can no longer call in reinforcements.
The spriggan defender hits you with a +2 rapier of speed!!
You die...

..♣.)...∩.∩..)[#
################ ####
####### .∩∩###....|###
..(##......'.#
...'.......###
###############
∩#............#########
∩'............'O@i..).#
∩#............#######.#
############### #####.#
..♣..♣..♣..#
...........#
..♣..♣..♣..# # #######


You could see a spriggan defender and a friendly ogre (berserk).

Vanquished Creatures
  Agnes (D)
  A spriggan defender (D)
  A spriggan berserker (D)
  A spriggan druid (D)
  19 oklob plants (D)
  A demonic crawler (D)
  3 burning bushes (D)
  A queen bee (D)
  A hornet (D)
  3 wandering mushrooms (D)
  2 scorpions (D)
  4 killer bees (D)
  5 oklob saplings (D)
  2 worker ants (D)
  5 spriggans (D)
  A river rat (D)
  A rat (D)
52 creatures vanquished.

Vanquished Creatures (collateral kills)
  A ghost moth (D)
  A spriggan defender (D)
  A spriggan berserker (D)
  4 oklob plants (D)
  2 demonic crawlers (D)
  5 hornets (D)
  3 spriggans (D)
  A ballistomycete spore (D)
18 creatures vanquished.

Vanquished Creatures (others)
  A ballistomycete spore (D)
  A bush (D)
  A fungus (D)
3 creatures vanquished.

Grand Total: 73 creatures vanquished

Notes
Turn   | Place    | Note
-------+----------+-------------------------------------------
     0 | D        | Groucho the Felid Berserker began the quest for the Orb.
     0 | D        | Reached XP level 1. HP: 10/10 MP: 2/2
    15 | D        | Reached skill level 5 in Stealth
    15 | D        | Reached XP level 2. HP: 14/14 MP: 3/3
    81 | D        | Noticed an oklob sapling
    86 | D        | Killed an oklob sapling
    86 | D        | Reached ** piety under Trog
    86 | D        | Reached skill level 9 in Stealth
    86 | D        | Reached XP level 3. HP: 17/17 MP: 4/4
   320 | D        | Found the amulet of invisibility {+Inv}
   331 | D        | Reached skill level 10 in Stealth
   626 | D        | Found an opulent altar of Gozag.
   626 | D        | Found a hazy altar of Hepliaklqana.
   626 | D        | Found a roughly hewn altar of Beogh.
   626 | D        | Found a snail-covered altar of Cheibriados.
   627 | D        | Found a viscous altar of Jiyva.
   627 | D        | Found a burning altar of Makhleb.
   627 | D        | Found a sparkling altar of Nemelex Xobeh.
   627 | D        | Found a sacrificial altar of Ru.
   627 | D        | Found a shimmering blue altar of Sif Muna.
   627 | D        | Found a bloodstained altar of Trog.
   627 | D        | Found an ornate altar of the Wu Jian Council.
   627 | D        | Found a shimmering altar of Xom.
   627 | D        | Found a basalt altar of Yredelemnul.
   627 | D        | Noticed an oklob sapling priest
   628 | D        | Found an iron altar of Okawaru.
   628 | D        | Found a shadowy altar of Dithmenos.
   628 | D        | Found a glowing silver altar of Zin.
   629 | D        | Found an ancient bone altar of Kikubaaqudgha.
   629 | D        | Found a hide-covered altar of Uskayaw.
   630 | D        | Found a stormy altar of Qazlal.
   630 | D        | Found a white marble altar of Elyvilon.
   630 | D        | Found a glowing golden altar of the Shining One.
   631 | D        | Found a corrupted altar of Lugonu.
   631 | D        | Found a radiant altar of Vehumet.
   634 | D        | Killed an oklob sapling priest
   634 | D        | Reached skill level 5 in Dodging
   634 | D        | Reached skill level 11 in Stealth
   634 | D        | Reached XP level 4. HP: 22/22 MP: 2/5
   645 | D        | Reached *** piety under Trog
   645 | D        | Reached XP level 5. HP: 25/25 MP: 3/6
   812 | D        | Noticed a queen bee
   819 | D        | Killed a queen bee
   819 | D        | Reached skill level 12 in Stealth
   819 | D        | Gained mutation: You are covered in thick fur. (AC +2)
                  | [Felid growth]
   819 | D        | Reached XP level 6. HP: 31/31 MP: 4/7
   823 | D        | Reached skill level 13 in Stealth
   827 | D        | Reached **** piety under Trog
   829 | D        | Reached XP level 7. HP: 25/36 MP: 5/8
   972 | D        | Noticed an oklob plant
   975 | D        | Killed an oklob plant
   975 | D        | Reached skill level 10 in Dodging
   975 | D        | Reached skill level 14 in Stealth
   984 | D        | Noticed a burning bush
   987 | D        | Killed a burning bush
   987 | D        | Reached XP level 8. HP: 42/42 MP: 9/9
  1000 | D        | Got a heavily runed ivory ring
  1002 | D        | Identified the ring "Ekubavec" {-Tele +Inv MR+ Int+4 SInv}
                  | (You found it in the Dungeon)
  1006 | D        | Noticed a burning bush
  1006 | D        | Noticed an oklob plant
  1007 | D        | Noticed a wandering mushroom
  1008 | D        | Killed a burning bush
  1008 | D        | Reached skill level 15 in Stealth
  1026 | D        | Killed an oklob plant
  1026 | D        | Reached ***** piety under Trog
  1306 | D        | Noticed a spriggan druid
  1307 | D        | Killed a spriggan druid
  1307 | D        | Reached skill level 10 in Fighting
  1307 | D        | Reached skill level 16 in Stealth
  1307 | D        | Reached skill level 10 in Unarmed Combat
  1307 | D        | Reached XP level 9. HP: 47/47 MP: 10/10
  1323 | D        | Noticed an oklob plant conjurer
  1324 | D        | Killed an oklob plant conjurer
  1335 | D        | HP: 2/47 [iron troll[the player character] (39)]
  1337 | D        | Demolished by an iron troll
  1338 | D        | Reached XP level 8. HP: -14/44 MP: 9/9
  1370 | D        | Found Luffaba's Antique Weapon Shop.
  1371 | D        | Found Rirebb's Antique Armour Emporium.
  1375 | D        | Noticed a burning bush
  1375 | D        | Noticed a wandering mushroom
  1559 | D        | Noticed a wandering mushroom
  1562 | D        | Killed a burning bush
  1563 | D        | Killed a wandering mushroom
  1563 | D        | Reached skill level 17 in Stealth
  1564 | D        | Killed a wandering mushroom
  1564 | D        | Reached XP level 9. HP: 48/48 MP: 7/10
  1570 | D        | Found Ofoun's Antique Armour Shoppe.
  1571 | D        | Found Leups's Food Emporium.
  1578 | D        | Bought a ration for 50 gold pieces
  1578 | D        | Bought a ration for 50 gold pieces
  1653 | D        | Noticed an oklob plant
  1662 | D        | Noticed an oklob plant shifter
  1662 | D        | Noticed an oklob plant summoner
  1666 | D        | Killed an oklob plant
  1666 | D        | Reached ****** piety under Trog
  1669 | D        | Killed an oklob plant summoner
  1672 | D        | Killed an oklob plant shifter
  1680 | D        | Noticed a demonic crawler
  1682 | D        | Killed a demonic crawler
  1682 | D        | Reached skill level 18 in Stealth
  2437 | D        | Noticed Agnes
  2451 | D        | Noticed a spriggan rider
  2452 | D        | Found Hacrebuy's Food Emporium.
  2455 | D        | Reached skill level 15 in Dodging
  2471 | D        | Killed a spriggan rider
  2471 | D        | Reached XP level 10. HP: 44/53 MP: 11/11
  2485 | D        | Found Funewk's Food Shoppe.
  2531 | D        | Found Voutump's Assorted Antiques.
  2531 | D        | Found Deynkio's Assorted Antiques.
  2532 | D        | Killed Agnes
  2535 | D        | Noticed a spriggan defender
  2542 | D        | Killed a spriggan defender
  2542 | D        | Reached skill level 19 in Stealth
  2569 | D        | Noticed a spriggan berserker
  2571 | D        | Killed a spriggan berserker
  2574 | D        | Noticed a spriggan rider
  2582 | D        | Killed a spriggan rider
  2582 | D        | Reached XP level 11. HP: 58/58 MP: 12/12
  2598 | D        | Noticed a ghost moth
  2607 | D        | Killed a ghost moth
  2607 | D        | Reached skill level 20 in Stealth
  2611 | D        | Found Wivucan's Gadget Shoppe.
  2611 | D        | Found Goywoerr's Distillery.
  2611 | D        | Found Ompuydgh's General Store.
  2625 | D        | Bought a scroll of identify for 28 gold pieces
  2947 | D        | Noticed an oklob plant meteorologist
  2951 | D        | Noticed an oklob plant shifter
  2955 | D        | Killed an oklob plant meteorologist
  2963 | D        | Killed an oklob plant shifter
  3152 | D        | Noticed a spriggan rider
  3159 | D        | Killed a spriggan rider
  3210 | D        | Noticed an oklob plant summoner
  3218 | D        | Found Bymur's Jewellery Emporium.
  3219 | D        | Found Iwied's Jewellery Shop.
  3224 | D        | Killed an oklob plant summoner
  3232 | D        | Noticed an oklob plant annihilator
  3546 | D        | Noticed an oklob plant demonologist
  3546 | D        | Noticed a spriggan berserker
  3553 | D        | Noticed a sun demon
  3553 | D        | Noticed a death yak
  3553 | D        | Slain by a sun demon
  3554 | D        | Reached XP level 10. HP: -2/56 MP: 11/11
  3589 | D        | Demolished by a spriggan berserker
  3590 | D        | Reached XP level 9. HP: -20/52 MP: 10/10
  3594 | D        | Killed a spriggan berserker
  4032 | D        | Found Jiet's Magic Scroll Shoppe.
  4032 | D        | Found Keg Oky's Distillery.
  4032 | D        | Found Luwkir's Distillery.
  4033 | D        | Found Osaexy's Antique Armour Emporium.
  4033 | D        | Found Moompeko's Jewellery Boutique.
  4033 | D        | Found Elausch's Antique Armour Emporium.
  4033 | D        | Found Facsizu's Food Shop.
  4033 | D        | Found Powuh's Magic Scroll Boutique.
  4046 | D        | Noticed an oklob plant
  4046 | D        | Noticed an oklob plant
  4046 | D        | Noticed an oklob plant
  4046 | D        | Noticed an oklob plant
  4046 | D        | Noticed an oklob plant
  4046 | D        | Noticed an oklob plant
  4051 | D        | Noticed an oklob plant
  4052 | D        | Killed an oklob plant
  4052 | D        | Reached skill level 1 in Evocations
  4053 | D        | Noticed an oklob plant
  4054 | D        | Killed an oklob plant
  4055 | D        | Noticed an oklob plant
  4056 | D        | Killed an oklob plant
  4056 | D        | Reached XP level 10. HP: 57/57 MP: 8/13
  4057 | D        | Noticed an oklob plant
  4058 | D        | Killed an oklob plant
  4059 | D        | Noticed an oklob plant
  4060 | D        | Killed an oklob plant
  4061 | D        | Noticed an oklob plant
  4062 | D        | Killed an oklob plant
  4062 | D        | Reached skill level 21 in Stealth
  4064 | D        | Killed an oklob plant
  4066 | D        | Killed an oklob plant
  4073 | D        | Killed an oklob plant
  4079 | D        | Killed an oklob plant
  4079 | D        | Reached skill level 5 in Evocations
  4081 | D        | Killed an oklob plant
  4084 | D        | Killed an oklob plant
  4647 | D        | Killed an oklob plant annihilator
  4647 | D        | Reached skill level 15 in Fighting
  4647 | D        | Reached skill level 15 in Unarmed Combat
  4647 | D        | Reached XP level 11. HP: 20/61 MP: 14/16
  4649 | D        | HP: 2/61 [acid (9)]
  4649 | D        | Killed an oklob plant demonologist
  4652 | D        | Got a pitted pewter ring
  5150 | D        | Got a warped garnet amulet
  5216 | D        | Bought a scroll of identify for 62 gold pieces
  5216 | D        | Identified the ring of Pumuof {rPois rF+ Slay-4 SInv} (You
                  | found it in the Dungeon)
  5293 | D        | Noticed a spriggan defender
  5293 | D        | Noticed a spriggan defender
  5308 | D        | Killed a spriggan defender
  5313 | D        | Slain by a spriggan defender

Levels and vault maps discovered:
D:        dungeon_sprint_fedhas [sprint_temple]

Skill      XL: |  1  2  3  4  5  6  7  8  9 10 11 |
---------------+----------------------------------+-----
Stealth        | 5 9 11 12 13 14 17 18 21 20 | 21.5
Fighting       | 4 6 7 8 11 12 15 14 | 15.1
Dodging        | 5 6 8 9 11 14 18 16 17 | 18.8
Unarmed Combat | 4 6 7 8 11 12 15 14 | 15.1
Evocations     | 2 5 6 |  6.1

Action                   |  1- 3 |  4- 6 |  7- 9 | 10-12 || total
-------------------------+-------+-------+-------+-------++-------
Melee: Unarmed           |    21 |    10 |    36 |    34 ||   101
       Bite              |     2 |     1 |     6 |     5 ||    14
       Punch             |       |       |       |     1 ||     1
Invok: Berserk           |     1 |     1 |     2 |     1 ||     5
       Trog's Hand       |       |     1 |     1 |     2 ||     4
       Brothers in Arms  |       |       |     5 |    13 ||    18
 Abil: Evoke Invisibilit |     1 |     1 |     4 |     4 ||    10
  Use: Potion            |     1 |       |     2 |       ||     3
       Scroll            |       |       |     2 |     4 ||     6
 Stab: Sleeping          |     1 |     3 |    20 |    14 ||    38
       Invisible         |       |     3 |     2 |       ||     5
  Eat: Ration            |       |       |     2 |     4 ||     6
       Chunk             |       |       |     6 |     3 ||     9
Armor: Skin              |       |       |     1 |       ||     1
Dodge: Dodged            |    13 |    16 |    19 |    19 ||    67
